 Dungeon Crawl Stone Soup version 0.28.0-45-g0d030f2227 (webtiles) character file.

Game seed: 16419245591382444583

40 protoss039 the Digger (level 3, 0/21 HPs)
             Began as a Gargoyle Earth Elementalist on May 9, 2022.
             Slain by an adder (3 damage)
             ... on level 2 of the Dungeon.
             The game lasted 00:05:04 (1650 turns).

protoss039 the Digger (Gargoyle Earth Elementalist) Turns: 1650, Time: 00:05:05

Health: 0/21       AC: 12    Str: 11    XL:     3   Next: 50%
Magic:  6/6        EV:  5    Int: 17    God:
Gold:   59         SH:  0    Dex: 10    Spells: 5/6 levels left

rFire   + . .      SeeInvis .   f - +0 dagger
rCold   . . .      Faith    .   (no shield)
rNeg    + . .      Spirit   .   i - +1 chain mail {rF+}
rPois   ∞          Reflect  .   (no helmet)
rElec   +          Harm     .   (no cloak)
rCorr   .          Rampage  .   (no gloves)
Will    .....                   (no boots)
Stlth   ..........              (no amulet)
HPRegen 0.07/turn               (no ring)
MPRegen 0.10/turn               (no ring)

@: no status effects
A: sickness immunity, AC +3, negative energy resistance 1, electricity
resistance, torment resistance 1, petrification resistance
a: no special abilities


You were on level 2 of the Dungeon.
You visited 1 branch of the dungeon, and saw 2 of its levels.

You collected 59 gold pieces.

Inventory:

Hand Weapons
 f - a +0 dagger (weapon)
Missiles
 c - 33 stones
Armour
 b - a +0 robe
 e - a +0 ring mail
 i - a +1 chain mail of fire resistance (worn)
Scrolls
 d - a scroll of teleportation {unknown}
 g - a scroll of amnesia {unknown}
 h - a scroll of noise {unknown}
 j - a scroll of summoning {unknown}
Potions
 a - a potion of attraction {unknown}


   Skills:
 * Level 1.9 Fighting
 * Level 0.0 Armour
 - Level 1.5 Dodging
 - Level 2.1 Stealth
 + Level 2.4 Spellcasting
 - Level 1.0 Transmutations
 + Level 4.1 Earth Magic


You had 5 spell levels left.
You knew the following spells:

 Your Spells              Type           Power      Damage    Failure   Level
a - Sandblast             Erth           32%        2d9       91%         1

Your spell library contained the following spells:

 Spells                   Type           Power      Damage    Failure   Level
 Passwall                 Tmut/Erth      8%         N/A       99%         2
 Stone Arrow              Conj/Erth      18%        3d8       100%        3
 Petrify                  Tmut/Erth      10%        N/A       100%        4


Dungeon Overview and Level Annotations

Branches:
Dungeon (2/15)

Altars:


Innate Abilities, Weirdness & Mutations

You are immune to sickness and miasma.
Your stone body is resilient. (AC +3)
You are immune to poison.
You resist negative energy. (rN+)
You are resistant to electric shocks. (rElec)
You are resistant to unholy torment.
You are immune to petrification.


Message History

The adder bites you.
You miss the adder.
The adder is heavily wounded.
The adder bites you but does no damage.
You closely miss the adder.
The adder is heavily wounded.
The adder bites you. The adder barely misses you.
You barely miss the adder.
The adder is heavily wounded.
The adder barely misses you.
You hit the adder but do no damage.
The adder is heavily wounded.
The adder bites you but does no damage.
You hit the adder but do no damage.
The adder is heavily wounded.
The adder bites you but does no damage. x2
You closely miss the adder.
The adder is heavily wounded.
The adder bites you but does no damage.
You completely miss the adder.
The adder is moderately wounded.
The adder bites you but does no damage.
You hit the adder.
The adder is severely wounded.
The adder bites you but does no damage.
You hit the adder.
The adder is severely wounded.
The adder barely misses you. The adder bites you.
* * * LOW HITPOINT WARNING * * *
You closely miss the adder.
The adder is severely wounded.
The adder bites you.
* * * LOW HITPOINT WARNING * * *
You closely miss the adder.
The adder is severely wounded.
The adder bites you but does no damage.
You closely miss the adder.
The adder is severely wounded.
The adder bites you.
You die...

..<.# .... ....# #..###
#. ....# ....# #.#
....# #.#.###.###
....## ##.#.##....
'#...# #....##..# #
...#.# #...###..# #.##
...#.# #.#......##....#
...#.# #.#..##..@S....#
...#÷# #.##.##..#.....#
...#.# #....##..#.....#
...#†###..#.....##....#
...#...#.....##.##....#
...###.###...#........#
........##...#..##.####
##.##...##.#....# #
####...##.#....# #


You could see an adder.

Vanquished Creatures
  An adder (D:2)
  2 dart slugs (D:1)
  A bat (D:2)
  An endoplasm (D:1)
  2 giant cockroaches
  A goblin (D:1)
  2 hobgoblins
  3 jackals (D:1)
  3 quokkas
  7 ball pythons
  A frilled lizard (D:1)
  A rat (D:1)
25 creatures vanquished.

Vanquished Creatures (others)
  2 plants (D:1)
2 creatures vanquished.

Grand Total: 27 creatures vanquished

Notes
Turn   | Place    | Note
-------+----------+-------------------------------------------
     0 | D:1      | protoss039 the Gargoyle Earth Elementalist began the quest
                  | for the Orb.
     0 | D:1      | Reached XP level 1. HP: 10/10 MP: 3/3
    87 | D:1      | Reached skill level 1 in Transmutations
   452 | D:1      | Reached XP level 2. HP: 13/16 MP: 3/5
   489 | D:1      | Reached skill level 1 in Fighting
   732 | D:1      | Reached skill level 4 in Earth Magic
   971 | D:1      | Found a faded altar of an unknown god.
  1043 | D:1      | Reached XP level 3. HP: 14/20 MP: 2/6
  1650 | D:2      | Slain by an adder

Illustrated notes

Levels and vault maps discovered:
D:1:      eino_arrival_water_cross, layout_basic,
          hellmonk_ecumenical_altar_dog_temple
D:2:      layout_basic, basic_altar

Skill      XL: |  1  2 |
---------------+-------+-----
Transmutations | 1 |  1.0
Fighting       | 1 |  1.9
Earth Magic    | 4 |  4.1
Dodging        | |  1.5
Stealth        | |  2.1
Spellcasting   | |  2.4

Action                   || total
-------------------------++-------
Melee: Unarmed           ||   108
       Punch             ||     4
       Dagger            ||   125
 Cast: Sandblast         ||    15
 Stab: Sleeping          ||     1
Armor: Ring mail         ||    68
       Robe              ||     9
       Chain mail        ||    84
Dodge: Dodged            ||   117
